 Dungeon Crawl Stone Soup version 0.28-a0-630-g0357d9c091 (webtiles) character file.

Game seed: 8400528432061704683

46 Johnny the Chiller (level 3, -1/29 HPs)
             Began as a Draconian Ice Elementalist on Oct 9, 2021.
             Slain by a goblin (2 damage)
             ... led by Robin
             ... on level 3 of the Dungeon.
             The game lasted 00:01:37 (1792 turns).

Johnny the Chiller (Draconian Ice Elementalist)     Turns: 1792, Time: 00:01:38

Health: -1/29      AC:  5    Str: 10    XL:     3   Next: 44%
Magic:  6/7        EV: 12    Int: 16    God:
Gold:   42         SH:  0    Dex: 11    Spells: 6/7 levels left

rFire   . . .      SeeInvis .   e - +2 hand axe (vorpal)
rCold   . . .      Faith    .   (no shield)
rNeg    . . .      Spirit   .   (armour unavailable)
rPois   .          Reflect  .   (helmet restricted)
rElec   .          Harm     .   (no cloak)
rCorr   .          Rampage  .   (no gloves)
Will    .....                   (no boots)
Stlth   ++........              (no amulet)
HPRegen 0.09/turn               (no ring)
MPRegen 0.10/turn               (no ring)

@: no status effects
A: AC +5, unfitting armour, cold-blooded
a: no special abilities


You were on level 3 of the Dungeon.
You visited 1 branch of the dungeon, and saw 3 of its levels.

You collected 42 gold pieces.

Inventory:

Hand Weapons
 b - a +0 hand axe
 e - a +2 vorpal hand axe (weapon)
Scrolls
 d - a scroll of teleportation {unknown}
 g - a scroll of enchant armour {unknown}
 h - a scroll of identify {unknown}
Potions
 a - a potion of lignification {unknown}
 c - a potion of might {unknown}
 f - a potion of degeneration {unknown}


   Skills:
 + Level 1.8 Fighting
 - Level 1.7 Dodging
 - Level 1.7 Stealth
 + Level 2.6 Spellcasting
 + Level 4.4 Ice Magic


You had 6 spell levels left.
You knew the following spells:

 Your Spells              Type           Power      Damage    Failure   Level
a - Freeze                Ice            64%        1d8       3%          1

Your spell library contained the following spells:

 Spells                   Type           Power      Damage    Failure   Level
 Frozen Ramparts          Ice            32%        1d5       10%         3
 Ozocubu's Armour         Ice            16%        N/A       10%         3
 Hailstorm                Conj/Ice       9%         3d4       61%         4


Dungeon Overview and Level Annotations

Branches:
Dungeon (3/15)

Altars:

Annotations:
D:3 Robin


Innate Abilities, Weirdness & Mutations

Your plain brown scales are hard. (AC +5)
You cannot fit into any form of body armour.
You are cold-blooded and may be slowed by cold attacks.


Message History

You closely miss the goblin. You hit the hobgoblin.
The hobgoblin closely misses you. The goblin misses you.
The ball python completely misses you. The ball python grabs you.
The ball python constricts you.
You hit the ball python.
You kill the ball python!
You barely miss the hobgoblin. You hit the goblin.
You kill the goblin!
You hit the goblin.
You kill the goblin!
You miss the goblin. Robin throws the goblin at you!
The goblin closely misses you. The hobgoblin hits you.
The goblin closely misses you. The goblin hits you but does no damage.
The goblin hits you with a +0 dagger.
The hobgoblin hits you but does no damage.
You hit the goblin.
You kill the goblin!
You closely miss the goblin. You barely miss the hobgoblin.
Robin throws the goblin at you! The hobgoblin closely misses you.
The goblin hits you but does no damage. The goblin misses you.
You barely miss the goblin. You hit the gnoll. You hit the goblin.
You kill the goblin!
You hit the hobgoblin.
You kill the hobgoblin!
You closely miss the goblin. Robin throws the goblin at you!
The gnoll hits you but does no damage. The goblin closely misses you.
The goblin misses you. The goblin hits you with a +0 club.
The goblin hits you but does no damage. The gnoll closely misses you.
The goblin misses you. Robin throws the goblin at you!
You barely miss the goblin. x2; You hit the goblin.
You kill the goblin!
You hit the gnoll. You barely miss the gnoll.
The gnoll hits you with a +0 flail.
The gnoll hits you from afar with a +0 spear!
* * * LOW HITPOINT WARNING * * *
The goblin hits you with a +0 dagger.
* * * LOW HITPOINT WARNING * * *
The goblin hits you with a +0 club.
You die...

#........†....#
#.............#
#.............#
#.............#
#............#
#........?...#
#..g.........#
#gg....<.....#
#@g..........#
########g)..........#
#.....>ggg...########
#......gg..$.#
#.............<.
#...............
#................
#................
################


You could see Robin (fast), 3 gnolls, 2 hobgoblins and 4 goblins.

Vanquished Creatures
  An adder (D:2)
  A dart slug (D:3)
  2 endoplasms (D:1)
  2 giant cockroaches
  7 goblins
  3 hobgoblins
  2 quokkas (D:1)
  2 ball pythons
  5 bats
  3 frilled lizards
  3 kobolds
  5 rats
36 creatures vanquished.

Vanquished Creatures (others)
  2 plants (D:1)
2 creatures vanquished.

Grand Total: 38 creatures vanquished

Notes
Turn   | Place    | Note
-------+----------+-------------------------------------------
     0 | D:1      | Johnny the Draconian Ice Elementalist began the quest for
                  | the Orb.
     0 | D:1      | Reached XP level 1. HP: 14/14 MP: 3/3
   427 | D:1      | Found a faded altar of an unknown god.
   430 | D:1      | Reached XP level 2. HP: 22/22 MP: 5/5
   520 | D:1      | Reached skill level 1 in Fighting
  1505 | D:2      | Reached XP level 3. HP: 14/28 MP: 4/6
  1709 | D:2      | Noticed an ogre
  1783 | D:3      | Noticed Robin
  1792 | D:3      | HP: 1/29 [goblin[Robin] (1)]
  1792 | D:3      | Slain by a goblin

Illustrated notes

Levels and vault maps discovered:
D:1:      psy_arrival_fountain, layout_basic,
          shapermc_ecumenical_altar_acropolis
D:2:      layout_loops_ring, minmay_distorted
D:3:      layout_basic, mainiacjoe_overflow_surrounded_room,
          minmay_snake_closets, uniq_robin

Skill      XL: |  1  2 |
---------------+-------+-----
Fighting       | 1 |  1.8
Dodging        | |  1.7
Stealth        | |  1.7
Spellcasting   | |  2.6
Ice Magic      | |  4.4

Action                   || total
-------------------------++-------
Melee: Hand axe          ||    59
       Unarmed           ||     7
       Tailslap          ||     3
 Cast: Freeze            ||    16
 Stab: Sleeping          ||     3
Armor: Skin              ||    45
Dodge: Dodged            ||    87

Table legend: (Time is in decaauts)
 A = Elapsed time spent in this place.
 B = Non-inter-level travel time spent in this place.
 C = Inter-level travel time spent in this place.
 D = Time resting spent in this place.
 E = Time spent auto-exploring this place.
 F = Levels seen in this place.
 G = Mean time per level.
                   A        B        C        D        E       F      G
               +--------+--------+--------+--------+--------+-----+--------+
         Total |   1811 |   1777 |     34 |    355 |   1078 |   3 |  603.7 |
       Dungeon |   1811 |   1777 |     34 |    355 |   1078 |   3 |  603.7 |
               +--------+--------+--------+--------+--------+-----+--------+

Top non-repeatable levels by time:
     D:1: 910 daAuts
     D:2: 872 daAuts
     D:3: 27 daAuts
